[Event "Mate of the king (Blitz)"]
[Site "?"]
[Date "2009.02.02"]
[Round "9"]
[White "Karpov, Anatoly"]
[Black "Ghaem Maghami, Ehsan"]
[Result "0-1"]
[ECO "E32"]
[WhiteElo "2644"]
[BlackElo "2604"]
[Annotator ",Mehrdad"]
[PlyCount "150"]
[EventDate "2009.02.02"]
[TimeControl "240"]

1. d4 Nf6 2. c4 e6 3. Nc3 Bb4 4. Qc2 O-O 5. a3 Bxc3+ 6. Qxc3 b5 7. cxb5 c6 8.
f3 Nd5 9. Qd3 cxb5 10. e4 Nb6 11. Nh3 Nc6 12. Be2 d5 13. exd5 Qxd5 14. Be3 Nc4
15. Bf2 h6 16. O-O e5 17. b3 Nb6 18. dxe5 Bxh3 19. Qxd5 Nxd5 20. gxh3 Nc3 21.
Rfe1 Nxe5 22. Kg2 Nxe2 23. Rxe2 Nd3 24. Bg3 Rfe8 25. Rd2 Nc5 26. Rd5 Re2+ 27.
Bf2 Nxb3 28. Rb1 Na5 29. Rbxb5 Nc4 30. Kg3 Rae8 31. h4 Nxa3 32. Ra5 Nc4 33.
Rxa7 R2e6 34. h5 Re5 35. Rd4 Rc8 36. Rdd7 Rg5+ 37. Kf4 Ne5 38. Re7 Nd3+ 39. Ke3
Nxf2 40. Kxf2 Rf5 41. Ra3 Rf8 42. Kg3 Rxh5 43. h4 Rf5 44. Ra4 Rd8 45. Rf4 Rxf4
46. Kxf4 Rd6 47. Kg3 h5 48. Re5 g6 49. Ra5 Kg7 50. Ra4 Rd3 51. Ra6 Rd7 52. Rb6
f6 53. Ra6 Re7 54. Rb6 Kf7 55. Ra6 Re2 56. Rb6 Re1 57. Ra6 g5 58. hxg5 fxg5 59.
Rh6 Rh1 60. Kg2 Rh4 61. Kg3 Kg7 62. Ra6 Rf4 63. Rb6 Rf6 64. Rb5 Kg6 65. Ra5 Rd6
66. Ra2 h4+ 67. Kg2 Rd5 68. Rb2 Kf5 69. Re2 Rd4 70. Ra2 Kf4 71. Re2 Rc4 72. Ra2
Rb4 73. Re2 h3+ 74. Kf2 Rc4 75. Ra2 g4 0-1